 Dungeon Crawl Stone Soup version 0.26-a0-504-g0cf647090d (webtiles) character file.

Game seed: 10739446281352617736

95 KristoblXynda the Ducker (level 4, 0/34 HPs)
             Began as a Vampire Gladiator on Aug 8, 2020.
             Killed from afar by an orc wizard (11 damage)
             ... with a puff of frost
             ... on level 3 of the Dungeon.
             The game lasted 00:02:14 (1955 turns).

KristoblXynda the Ducker (Vampire Gladiator)        Turns: 1955, Time: 00:02:15

Health: 0/34       AC: 10    Str: 14    XL:     4   Next: 40%
Magic:  4/4        EV: 14    Int: 10    God:
Gold:   65         SH:  0    Dex: 15    Spells: 3/3 levels left

rFire    . . .     SeeInvis +   a - +0 long sword
rCold    . . .     Faith    .   (no shield)
rNeg     . . .     Spirit   .   g - +0 leather armour (curse)
rPois    .         Reflect  .   k - +2 helmet
rElec    .         Harm     .   i - +2 cloak
rCorr    .                      (no gloves)
MR       .....                  q - +0 pair of boots
Stlth    ++........             (no amulet)
HPRegen  0.31/turn              (no ring)
MPRegen  0.09/turn              (no ring)

@: regenerating quickly
A: fangs 3, see invisible, unbreathing
a: Exsanguinate


You were on level 3 of the Dungeon.
You visited 1 branch of the dungeon, and saw 3 of its levels.

You collected 65 gold pieces.

Inventory:

Hand Weapons
 a - a +0 long sword (weapon)
Missiles
 d - 3 throwing nets (quivered)
Armour
 g - a cursed +0 leather armour (worn)
 i - a +2 cloak (worn)
 k - a +2 helmet (worn)
 q - a +0 pair of boots (worn)
Scrolls
 e - 2 scrolls of fear {unknown}
 f - 2 scrolls of remove curse {unknown}
 h - 2 scrolls of identify {unknown}
 j - a scroll of random uselessness {unknown}
 l - a scroll of blinking {unknown}
 m - a scroll of teleportation {unknown}
 o - a scroll of fog {unknown}
Potions
 b - a potion of curing
 c - a potion of heal wounds {unknown}
 n - a potion of mutation {unknown}
 p - a potion of brilliance {unknown}
 r - a potion of ambrosia {unknown}


   Skills:
 + Level 2.6 Fighting
 + Level 3.6 Long Blades
 - Level 2.0 Throwing
 + Level 4.0 Dodging
 + Level 1.6 Stealth


You had 3 spell levels left.
You didn't know any spells.
Your spell library was empty.

Dungeon Overview and Level Annotations

Branches:
Dungeon (3/15)

Altars:
Uskayaw


Innate Abilities, Weirdness & Mutations

Your natural rate of healing is unusually fast.
You have razor-sharp teeth.
You have supernaturally acute eyesight. (SInv)
You can survive without breathing.


Message History

The orc misses you.
You barely miss the rat.
The rat is moderately wounded.
The rat barely misses you. The orc hits you but does no damage.
The rat bites you but does no damage.
You hit the rat but do no damage.
The rat is moderately wounded.
The orc hits you from afar with a +0 trident.
The rat bites you but does no damage.
You hit the rat but do no damage.
The rat is moderately wounded.
The orc hits you from afar with a +0 trident.
The rat completely misses you.
You closely miss the rat.
The rat is moderately wounded.
The orc misses you. The rat closely misses you.
You riposte.
You slash the rat!
You kill the rat!
The orc wizard gestures at you while chanting.
The puff of frost hits you!
You die...

####################
................@o.#
#################.##
####### #o# ....... #.#
########## #.#
.....................r.#
.)....##.....r..o......#
.#.....................#
.#.....#.....o.r.........


You could see an orc wizard and an orc.

Vanquished Creatures
  An orc wizard (D:3)
  Robin (D:2)
  2 dart slugs
  3 leopard geckos
  3 orcs (D:3)
  A ball python (D:3)
  3 bats (D:1)
  A giant cockroach (D:1)
  12 goblins
  4 hobgoblins
  4 jackals (D:2)
  A quokka (D:2)
  4 kobolds
  7 rats
47 creatures vanquished.

Notes
Turn   | Place    | Note
-------+----------+-------------------------------------------
     0 | D:1      | KristoblXynda the Vampire Gladiator began the quest for the
                  | Orb.
     0 | D:1      | Reached XP level 1. HP: 16/16 MP: 1/1
   150 | D:1      | Reached XP level 2. HP: 20/22 MP: 2/2
   811 | D:2      | Noticed Robin
   846 | D:2      | Killed Robin
   846 | D:2      | Reached XP level 3. HP: 15/27 MP: 3/3
  1139 | D:2      | Found a hide-covered altar of Uskayaw.
  1740 | D:3      | Reached skill level 1 in Stealth
  1893 | D:3      | Reached XP level 4. HP: 34/34 MP: 4/4
  1948 | D:3      | Reached skill level 4 in Dodging
  1955 | D:3      | Killed from afar by an orc wizard

Illustrated notes

Levels and vault maps discovered:
D:1:      erik_arrival_cave_to_civilisation [erik_arrival_cave_to_hall],
          layout_basic
D:2:      lemuel_upstairs_altar, layout_loops_ring, old_standard_altar,
          uniq_robin
D:3:      layout_basic, lemuel_crystal_altar

Skill      XL: |  1  2  3  4 |
---------------+-------------+-----
Fighting       | 2 |  2.6
Throwing       | 2 |  2.0
Stealth        | 1 |  1.6
Dodging        | 4 |  4.0
Long Blades    | |  3.6

Action                   |  1- 3 |  4- 6 || total
-------------------------+-------+-------++-------
Melee: Long sword        |   107 |    20 ||   127
       Bite              |     8 |     1 ||     9
  Use: Potion            |     1 |       ||     1
Armor: Leather armour    |    34 |     9 ||    43
Dodge: Dodged            |    94 |    22 ||   116
       Rpst.: Long sword |    31 |     4 ||    35

Table legend: (Time is in decaauts)
 A = Elapsed time spent in this place.
 B = Non-inter-level travel time spent in this place.
 C = Inter-level travel time spent in this place.
 D = Time resting spent in this place.
 E = Time spent auto-exploring this place.
 F = Levels seen in this place.
 G = Mean time per level.
                   A        B        C        D        E       F      G
               +--------+--------+--------+--------+--------+-----+--------+
         Total |   1983 |   1865 |    118 |    275 |   1179 |   3 |  661.0 |
       Dungeon |   1983 |   1865 |    118 |    275 |   1179 |   3 |  661.0 |
               +--------+--------+--------+--------+--------+-----+--------+

Top non-repeatable levels by time:
     D:2: 859 daAuts
     D:1: 817 daAuts
     D:3: 306 daAuts
